 Dungeon Crawl Stone Soup version 0.28.0 (webtiles) character file.

Game seed: 9300728170428388574

443 hikkokomori the Skirmisher (level 7, -25/57 HPs)
             Began as a Formicid Fighter on Feb 8, 2022.
             Annihilated by an ogre (26 damage)
             ... on level 7 of the Dungeon.
             The game lasted 00:07:01 (2000 turns).

hikkokomori the Skirmisher (Formicid Fighter)       Turns: 2000, Time: 00:07:01

Health: -25/57     AC:  5    Str: 23    XL:     7   Next: 23%
Magic:  7/7        EV: 10    Int:  7    God:
Gold:   162        SH:  4    Dex: 10    Spells: 5/6 levels left

rFire   + . .      SeeInvis +   a - +0 war axe
rCold   + . .      Faith    .   c - +0 buckler
rNeg    . . .      Spirit   .   f - +2 leather armour {rC+}
rPois   .          Reflect  .   (helmet unavailable)
rElec   .          Harm     .   (no cloak)
rCorr   .          Rampage  .   (no gloves)
Will    .....                   (no boots)
Stlth   +.........              e - amulet of regeneration
HPRegen 0.99/turn               p - ring of protection from fire
MPRegen 0.10/turn               (no ring)

@: no status effects
A: permanent stasis, dig shafts and tunnels, antennae 3, four strong arms
a: Dig, Shaft Self


You were on level 7 of the Dungeon.
You visited 1 branch of the dungeon, and saw 5 of its levels.

You collected 206 gold pieces.
You spent 44 gold pieces at shops.

Inventory:

Hand Weapons
 a - a +0 war axe (weapon)
 o - a +0 fustibalus
Armour
 b - a +0 scale mail
 c - a +0 buckler (worn)
 f - a +2 leather armour of cold resistance (worn)
Magical Staves
 l - a staff of poison
Jewellery
 e - an amulet of regeneration (around neck)
 m - an amulet of the acrobat
 p - a ring of protection from fire (left hand)
Scrolls
 g - 2 scrolls of fog {unknown}
 h - 3 scrolls of noise
 i - 2 scrolls of enchant armour {unknown}
 n - a scroll of amnesia {unknown}
Potions
 d - a potion of might
 j - a potion of magic
 k - a potion of berserk rage


   Skills:
 + Level 5.7 Fighting
 + Level 4.6 Axes
 - Level 3.2 Armour
 + Level 4.6 Shields
 + Level 2.8 Poison Magic


You had 5 spell levels left.
You knew the following spells:

 Your Spells              Type           Power      Damage    Failure   Level
a - Sting                 Tmut/Pois      8%         1d3       36%         1

Your spell library contained the following spells:

 Spells                   Type           Power      Damage    Failure   Level
 Poisonous Vapours        Pois/Air       4%         N/A       50%         2
 Magic Dart               Conj           0%         1d3       54%         1
 Searing Ray              Conj           0%         2d4       69%         2
 Olgreb's Toxic Radiance  Pois           4%         N/A       90%         4
 Fulminant Prism          Conj/Hex       0%         3d6       100%        4


Dungeon Overview and Level Annotations

Branches:
Dungeon (4/15)
 Temple: D:4-7

Altars:
Gozag
Sif Muna
Wu Jian

Shops:
D:2 *


Innate Abilities, Weirdness & Mutations

You cannot be hasted, slowed, berserked, paralysed or teleported.
You can dig through walls and to a lower floor.
You have a pair of large antennae on your head. (SInv)
Your four strong arms can wield two-handed weapons with a shield.


Message History

Non-targeted abil: Dig
Press: ? - help, Q - select action, (/) - cycle Dir - look around, f - activate
Okay, then.
Okay, then.
a - a +0 war axe (weapon)
You see here 18 gold pieces.
You now have 143 gold pieces (gained 18).
You closely miss the iguana. The iguana bites you.
You hit the iguana.
The iguana is moderately wounded.
The iguana barely misses you. The iguana bites you!
You closely miss the iguana.
The iguana is moderately wounded.
The iguana barely misses you.
You slash the iguana!
You kill the iguana!
An orc comes into view. It is wielding a +0 club.
A sourceless malevolence fills the Dungeon...
You fall into a shaft and drop 3 floors!
The shaft crumbles and collapses.
Found a chain mail and 19 gold pieces.
You now have 162 gold pieces (gained 19).
You open the door.
There is an open door here.
You open the door.
An ogre comes into view. It is wielding a +0 giant club.
The ogre shouts!
There is an open door here.
The ogre hits you with a +0 giant club!
You hit the ogre.
The ogre is lightly wounded.
The ogre hits you with a +0 giant club!!
You hit the ogre.
The ogre is moderately wounded.
You slash the ogre!
The ogre is almost dead.
The ogre hits you with a +0 giant club!!
* * * LOW HITPOINT WARNING * * *
The ogre hits you with a +0 giant club!!
You die...

..#########+#####+
.........#........
.........'@O......
.######..#########
######'###
#.......[#
+........#
#........#
#........#
#...###### #...#


You could see an ogre.

Vanquished Creatures
  Grinder (D:3)
  2 iguanas (D:4)
  Natasha (thrice) (D:2)
  A hound skeleton (D:4)
  Robin (D:2)
  An adder (D:2)
  4 worms
  2 dart slugs
  7 orcs
  6 endoplasms
  5 giant cockroaches
  9 goblins
  4 hobgoblins
  3 jackals (D:1)
  4 ball pythons
  5 bats
  7 frilled lizards
  7 kobolds
  8 rats
  A bush (D:4)
81 creatures vanquished.

Vanquished Creatures (others)
  A demonic plant (D:1)
1 creature vanquished.

Grand Total: 82 creatures vanquished

Notes
Turn   | Place    | Note
-------+----------+-------------------------------------------
     0 | D:1      | hikkokomori the Formicid Fighter began the quest for the
                  | Orb.
     0 | D:1      | Reached XP level 1. HP: 18/18 MP: 1/1
   216 | D:1      | Reached XP level 2. HP: 24/24 MP: 2/2
   248 | D:1      | Found a faded altar of an unknown god.
   248 | D:1      | Noticed a rust devil
   354 | D:1      | Reached XP level 3. HP: 30/30 MP: 3/3
   605 | D:2      | Reached skill level 4 in Fighting
   714 | D:2      | Found a shimmering blue altar of Sif Muna.
   737 | D:2      | Noticed Natasha
   772 | D:2      | Killed Natasha
   773 | D:2      | Reached XP level 4. HP: 34/38 MP: 4/4
   793 | D:2      | Noticed Natasha
   802 | D:2      | Killed Natasha
   834 | D:2      | Reached XP level 5. HP: 42/43 MP: 5/5
   852 | D:2      | Noticed Natasha
   865 | D:2      | Killed Natasha
   940 | D:2      | Found Hawujyog's General Store.
   948 | D:2      | Bought a scroll of identify for 22 gold pieces
   948 | D:2      | Bought a scroll of identify for 22 gold pieces
   961 | D:2      | Reached skill level 5 in Fighting
   978 | D:2      | Noticed Robin
   991 | D:2      | Killed Robin
  1115 | D:3      | Learned a level 1 spell: Sting
  1364 | D:3      | Noticed Grinder
  1389 | D:3      | Killed Grinder
  1390 | D:3      | Reached XP level 6. HP: 30/51 MP: 6/6
  1629 | D:3      | Found an ornate altar of the Wu Jian Council.
  1630 | D:3      | Found an opulent altar of Gozag.
  1725 | D:4      | Reached XP level 7. HP: 52/56 MP: 7/7
  1969 | D:4      | You fall into a shaft and drop 3 floors!
  2000 | D:7      | HP: 1/57 [ogre (25)]
  2000 | D:7      | Annihilated by an ogre

Illustrated notes

Levels and vault maps discovered:
D:1:      heliophobic_arrival_henge, layout_rooms,
          dreamdust_ecumenical_altar_sealed_demon, minmay_box_of_dots
D:2:      layout_rooms, basic_altar, serial_shops, shop_fountains, uniq_natasha,
          uniq_robin
D:3:      layout_rooms, nicolae_overflow_hidden_temple, hex_large, uniq_grinder
D:4:      layout_cave_pods, serial_shops, nicolae_shop_hallway_stairs,
          minmay_hedge_maze, minivault_1, st_stairs_9, roderic_roman_lattice
D:7:      layout_gridville, kennysheep_mini_moat, minmay_misc_feat_columns

Skill      XL: |  1  2  3  4  5 |
---------------+----------------+-----
Fighting       | 4 5 |  5.7
Axes           | 3 4 |  4.6
Shields        | 4 |  4.6
Poison Magic   | 2 |  2.8
Armour         | |  3.2

Action                   |  1- 3 |  4- 6 |  7- 9 || total
-------------------------+-------+-------+-------++-------
Melee: War axe           |    75 |   110 |    81 ||   266
  Use: Scroll            |       |     3 |     1 ||     4
       Potion            |       |     1 |       ||     1
Armor: Leather armour    |    21 |    39 |     5 ||    65
       Scale mail        |     1 |       |       ||     1
Dodge: Dodged            |    45 |    41 |    20 ||   106
Block: Buckler           |    17 |    14 |     6 ||    37
